 Dungeon Crawl Stone Soup version 0.24-a0-170-gd8427f5 (console) character file.

Game seed: 15338887243866182765

25 Duffy the Sneak (level 3, -26/28 HPs)
             Began as a Naga Wizard on Mar 10, 2019.
             Annihilated by a large abomination (29 damage)
             ... on level 1 of the Abyss.
             The game lasted 00:01:26 (999 turns).

Duffy the Sneak (Naga Wizard)                        Turns: 999, Time: 00:01:27

Health: -26/28     AC:  2    Str:  9    XL:     3   Next: 4%
Magic:  7/7        EV: 10    Int: 19    God:
Gold:   99         SH:  0    Dex:  9    Spells: 1/8 levels left

rFire    . . .     SeeInvis +   k - +3 dagger (flame)
rCold    . . .     Gourm    .   (no shield)
rNeg     . . .     Faith    .   a - +0 robe
rPois    +         Spirit   .   b - +0 hat
rElec    .         Reflect  .   (no cloak)
rCorr    .         Harm     .   (no gloves)
MR       .....                  (no barding)
Stlth    ++........             (no amulet)
HPRegen  0.09/turn              (no ring)
MPRegen  0.10/turn              (no ring)

@: very slow
A: large, see invisible, deformed body, poison resistance, slowness 2, slow
metabolism 1, spit poison 1, AC +1
a: Spit Poison


You were on level 1 of the Abyss.
You were not hungry.

You visited 1 branch of the dungeon, and saw 1 of its levels.
You visited the Abyss 1 time.

You collected 99 gold pieces.

Inventory:

Hand Weapons
 f - a +0 short sword
 k - a +3 dagger of flaming (weapon)
 m - a +0 whip of distortion
Armour
 a - a +0 robe (worn)
 b - a +0 hat (worn)
Scrolls
 c - 2 scrolls of identify {unknown}
 e - a scroll of noise {unknown}
 i - a scroll of magic mapping {unknown}
 n - a scroll of remove curse {unknown}
Potions
 g - a potion of curing {unknown}
 h - a potion of might {unknown}
 j - a potion of cancellation {unknown}
 o - a potion of haste {unknown}
Comestibles
 d - 2 rations
 l - 2 chunks of flesh


   Skills:
 - Level 1.5 Dodging
 - Level 3.0 Stealth
 - Level 3.0 Spellcasting
 + Level 2.8 Conjurations
   Level 1.0 Summonings
   Level 1.0 Translocations
 + Level 0.2 Poison Magic


You had one spell level left.
You knew the following spells:

 Your Spells              Type           Power        Failure   Level  Hunger
h - Magic Dart            Conj           ##..         4%          1    None
k - Mephitic Cloud        Conj/Pois/Air  #.......     30%         3    ###....
l - Conjure Flame         Conj/Fire      #.......     26%         3    ###....

Your spell library contained the following spells:

 Spells                   Type           Power        Failure   Level  Hunger
 Blink                    Tloc           N/A          16%         2    ##.....
 Call Imp                 Summ           #.......     16%         2    ##.....
 Slow                     Hex            #.......     22%         2    ##.....


Dungeon Overview and Level Annotations

Branches:
Dungeon (1/15)

Altars:


Innate Abilities, Weirdness & Mutations

You cannot wear boots.
Your serpentine skin is tough. (AC +1)
You have supernaturally acute eyesight. (SInv)
Armour fits poorly on your strangely shaped body.
Your system is resistant to poisons. (rPois)
You cover ground very slowly.
You have a slow metabolism.
You can spit poison.


Message History

You now have 99 gold pieces (gained 30).
n - a scroll labeled ELEDOE NIPO
o - a fuming white potion A small abomination comes into view.
The small abomination moves out of view.
The small abomination is too close now for your liking.
A large abomination comes into view.
Found a gateway leading deeper into the Abyss.
You hit the large abomination. You burn the large abomination.
The large abomination is lightly damaged.
The large abomination hits you!!
Ouch! That really hurt!
You barely miss the large abomination.
The large abomination is lightly damaged.
The large abomination hits you.
You hit the large abomination but do no damage.
The large abomination is lightly damaged.
The large abomination hits you!!
Ouch! That really hurt!
You die...

. .# ## ...
.##.. ###...#
#..X>.# #@##
##.##
.#.#..####
#....... .##
.#....##....#
... . ##...#
......#
#.##.## #
##.##. #..
##...### ##.
.. #.#...
###...###...


You could see a large abomination.

Vanquished Creatures
  3 dart slugs (D:1)
  A giant cockroach (D:1)
  2 goblins (D:1)
  2 hobgoblins (D:1)
  A bat (D:1)
  2 frilled lizards (D:1)
  5 kobolds (D:1)
  3 rats (D:1)
19 creatures vanquished.

Notes
Turn   | Place    | Note
-------+----------+-------------------------------------------
     0 | D:1      | Duffy the Naga Wizard began the quest for the Orb.
     0 | D:1      | Reached XP level 1. HP: 15/15 MP: 4/4
   170 | D:1      | Reached XP level 2. HP: 22/22 MP: 3/6
   860 | D:1      | Reached XP level 3. HP: 28/28 MP: 7/7
   865 | D:1      | Learned a level 3 spell: Mephitic Cloud
   869 | D:1      | Learned a level 3 spell: Conjure Flame
   907 | D:1      | Cast into level 1 of the Abyss (a distortion unwield)
   971 | Abyss:1  | Noticed a small abomination
   996 | Abyss:1  | Noticed a large abomination
   999 | Abyss:1  | Annihilated by a large abomination

Levels and vault maps discovered:
D:1:      dpeg_arrival_simpleton_a, layout_rooms
Abyss:1

Skill      XL: |  1 |
---------------+----+-----
Conjurations   | 2 |  2.8
Dodging        | |  1.5
Stealth        | |  3.0
Spellcasting   | |  3.0
Summonings     | |  1.0
Translocations | |  1.0
Poison Magic   | |  0.2

Action                   || total
-------------------------++-------
Melee: Dagger            ||    13
 Cast: Magic Dart        ||    31
 Abil: Spit Poison       ||     5
 Stab: Sleeping          ||     1
Armor: Robe              ||     3
Dodge: Dodged            ||     7

Table legend:
 A = Non-vault XP
 B = Vault XP
 C = Vault XP percentage of total XP
 D = Non-vault monster count
 E = Vault monster count
 F = Vault count percentage of total count
                 A         B        C        D         E       F
            +---------+---------+-------+---------+---------+-------
      Total |      36 |       0 |   0.0 |      19 |       0 |   0.0
            +---------+---------+-------+---------+---------+-------
        D:1 |      36 |       0 |   0.0 |      19 |       0 |   0.0
            +---------+---------+-------+---------+---------+-------
